 Dungeon Crawl Stone Soup version 0.20.1-1-g8b1a95d (webtiles) character file.

111 Jazqa the Conjurer (level 4, 0/24 HPs)
             Began as a Deep Elf Conjurer on Oct 30, 2017.
             Slain by a kobold (2 damage)
             ... on level 3 of the Dungeon.
             The game lasted 00:04:10 (1882 turns).

Jazqa the Conjurer (Deep Elf Conjurer)              Turns: 1882, Time: 00:04:11

Health: 0/24       AC:  4    Str:  5    XL:     4   Next: 62%
Magic:  1/13       EV: 13    Int: 21    God:
Gold:   129        SH:  0    Dex: 15    Spells: 7/13 levels left

rFire    . . .     SeeInvis .   (no weapon)
rCold    . . .     Gourm    .   (no shield)
rNeg     . . .     Faith    .   a - +0 robe
rPois    .         Spirit   .   k - +0 helmet
rElec    .         Reflect  .   (no cloak)
rCorr    .         Harm     .   (no gloves)
MR       .....                  i - +0 pair of boots
Stlth    ++........             (no amulet)
Regen    0.1/turn               (no ring)
MPRegen  0.2/turn               (no ring)

@: no status effects
A: no striking features
a: no special abilities


You were on level 3 of the Dungeon.
You were not hungry.

You visited 1 branch of the dungeon, and saw 3 of its levels.

You collected 129 gold pieces.


   Skills:
 - Level 2.4 Dodging
 - Level 2.4 Stealth
 + Level 5.2 Spellcasting
 + Level 5.5 Conjurations


You had 7 spell levels left.
You knew the following spells:

 Your Spells              Type           Power        Failure   Level  Hunger
d - Dazzling Spray        Conj/Hex       ###...       10%         3    ##.....
y - Searing Ray           Conj           ####..       1%          2    None
z - Magic Dart            Conj           ####         1%          1    None

Inventory:

Armour
 a - a +0 robe (worn)
 i - a +0 pair of boots (worn)
 k - a +0 helmet (worn)
Wands
 m - a wand of confusion (9/48)
Scrolls
 d - 4 scrolls of identify {@r1}
 e - a scroll of blinking {unknown}
 j - a scroll of enchant armour {unknown}
 l - a scroll of recharging {unknown}
 n - 2 scrolls of remove curse {unknown}
 q - a scroll of teleportation {unknown}
Potions
 g - 3 potions of might
Books
 b - a book of Conjurations

   Spells                             Type                      Level
   a - Magic Dart                     Conjuration                  1
   b - Searing Ray                    Conjuration                  2
   c - Dazzling Spray                 Conjuration/Hexes            3
   d - Fulminant Prism                Conjuration/Hexes            4
   e - Force Lance                    Conjuration/Translocation    4
   f - Iskenderun's Mystic Blast      Conjuration                  4
Comestibles
 c - a bread ration {@e1}
 f - a meat ration {@e1}
 h - a chunk of flesh
 o - a fruit {@e2}

Dungeon Overview and Level Annotations

Branches:
Dungeon (3/15)

Altars:
Nemelex Xobeh
Xom
Yredelemnul
Zin

Annotations:
D:3 Terence

.8#.##.#### #..
#............ .##.##.#
..# ##.###.##....
....##.. ... #.....#.....
....#####. . #.#
##.#####.....
#.........#. #.###.##
#...... #...#####...
#...######.▒..♣. .###.#
#.# ##.##......▒▒▒♣♣ #
#.#
##.########..#.#######▒▒▒
.# #......K@..#.#.# #...
# #..#######.#.#.# #### .
#.)######....#.# #.
###..#......#..#.#
#..####.......###...##.#
#.....)......(# ##.###.#
#...###.#.#..)# #.#...#
.... #.#.##### #.#.#.#
.... #.#.# ░░░░░.░░░


You could see a kobold.


Message History

Terence is moderately wounded. (Press . to maintain the ray.) Terence hits you with a hand axe.
* * * LOW HITPOINT WARNING * * *
Casting: Searing Ray
Confirm with . or Enter, or press ? or * to list all spells.
Okay, then.
Casting: Searing Ray
Confirm with . or Enter, or press ? or * to list all spells.
Aiming: Dazzling Spray
Press: ? - help, Shift-Dir - straight line, f/p - Terence
Aim: Terence, wielding a hand axe and wearing a scale mail (moderately wounded)
The spray of energy misses Terence.
Terence closely misses you.
A kobold comes into view.
Terence closely misses you.
Casting: Dazzling Spray
Confirm with . or Enter, or press ? or * to list all spells.
Okay, then.
Terence hits you with a hand axe.
* * * LOW HITPOINT WARNING * * *
Casting: Dazzling Spray
Confirm with . or Enter, or press ? or * to list all spells.
Aiming: Dazzling Spray
Press: ? - help, Shift-Dir - straight line, f/p - Terence
Aim: Terence, wielding a hand axe and wearing a scale mail (moderately wounded)
The spray of energy hits Terence.
Terence is moderately wounded.
Terence is dazzled.
The kobold hits you.
You die...

Skill      XL: |  1  2  3  4 |
---------------+-------------+-----
Spellcasting   | 4 5 |  5.2
Conjurations   | 5 |  5.5
Dodging        | |  2.4
Stealth        | |  2.4

Action                   |  1- 3 |  4- 6 || total
-------------------------+-------+-------++-------
Melee: Unarmed           |     6 |     6 ||    12
 Cast: Magic Dart        |    73 |    25 ||    98
       Searing Ray       |     2 |     2 ||     4
       Dazzling Spray    |       |     2 ||     2
  Use: Scroll            |     1 |       ||     1
       Potion            |       |     3 ||     3
  Eat: Chunk             |       |     3 ||     3
Armor: Robe              |     7 |     4 ||    11
Dodge: Dodged            |     7 |    21 ||    28

Vault maps used:
D:1:      saegor_arrival_simple_a, minmay_tiny_reverse_x
D:3:      nicolae_ru_path_of_blood, nicolae_overflow_crystal_walls, zin_academy,
          nemelex_xobeh_ov_fountains_minmay, led_xom_imps, minmay_liquid_box,
          st_stairs_6, corexii_corridor_pit, nicolae_qazlal_style_of_elements,
          uniq_terence

Notes
Turn   | Place    | Note
-------+----------+-------------------------------------------
     0 | D:1      | Jazqa the Deep Elf Conjurer began the quest for the Orb.
     0 | D:1      | Reached XP level 1. HP: 10/10 MP: 6/6
   117 | D:1      | Reached XP level 2. HP: 15/15 MP: 1/8
   178 | D:1      | Learned a level 2 spell: Searing Ray
   244 | D:1      | You fall through a shaft!
   322 | D:2      | Reached skill level 4 in Spellcasting
   322 | D:2      | Reached XP level 3. HP: 19/19 MP: 1/10
   332 | D:2      | Learned a level 3 spell: Dazzling Spray
   336 | D:2      | Reached skill level 5 in Conjurations
  1010 | D:3      | Reached XP level 4. HP: 24/24 MP: 3/12
  1022 | D:3      | Found a glowing silver altar of Zin.
  1056 | D:3      | Found a basalt altar of Yredelemnul.
  1078 | D:3      | Found a sparkling altar of Nemelex Xobeh.
  1112 | D:3      | Reached skill level 5 in Spellcasting
  1548 | D:3      | Found a shimmering altar of Xom.
  1842 | D:3      | Noticed Terence
  1880 | D:3      | HP: 2/24 [Terence/hand axe (3)]
  1882 | D:3      | Slain by a kobold

Vanquished Creatures
  A worker ant (D:3)
  3 adders
  A dart slug (D:1)
  A leopard gecko (D:1)
  An orc (D:3)
  4 bats
  A giant cockroach (D:1)
  8 goblins
  8 hobgoblins
  10 jackals (D:2)
  A quokka (D:3)
  2 frilled lizards
  9 kobolds
  4 rats
54 creatures vanquished.
